Map: Stasis LE

Players

Faridsud

  • Race: Terran Terran
  • League: Gold
  • Spawn Location: 11:00

Mesrob - Winner!

  • Race: Terran Terran
  • League: Gold
  • Spawn Location: 1:00

VOD

Have the link to the VOD?

Description

Time

  • Played on: Jan. 14, 2019, 8:02 p.m.
  • Length: 14:56
Show
View Real Time Build Order
Export as new Build Order

Faridsud Terran 

Build Orders: Gas First Reaper Expand, Mech 

Get SALT Encoding   

  12  0:01  SCV  
  13  0:13  SCV  
  14  0:19  Supply Depot  
  14  0:25  SCV  
  15  0:31  Refinery  
  15  0:40  SCV  
  16  0:47  Barracks  
  16  0:53  SCV  
  17  1:05  SCV  
  18  1:18  SCV  
  19  1:33  Orbital Command  
  19  1:34  Reaper  
  20  1:48  Command Center  
  20  2:03  Supply Depot  
  20  2:05  SCV  
  21  2:09  Refinery  
  21  2:32  Factory, SCV  
  21  2:33  Supply Depot  
  21  2:55  SCV  
  22  3:00  Orbital Command  
  22  3:01  Supply Depot  
  22  3:06  Barracks Tech Lab  
  22  3:07  SCV  
  23  3:15  Mag-Field Accelerator  
  23  3:19  SCV  
  24  3:31  SCV  
  24  3:33  Cyclone  
  28  3:39  SCV  
  29  3:44  SCV  
  30  3:51  SCV  
  30  3:54  Factory  
  31  3:57  SCV  
  32  4:03  Refinery, SCV  
  32  4:06  Cyclone  
  32  4:07  Refinery  
  32  4:09  SCV  
  37  4:21  Barracks Reactor  
  37  4:23  SCV x2  
  39  4:35  SCV x2  
  39  4:38  Cyclone  
  44  4:40  Factory Reactor  
  44  5:09  Hellion x2  
  44  5:10  Cyclone  
  51  5:17  Barracks Tech Lab  
  51  5:18  Factory  
  51  5:19  SCV x2  
  53  5:30  Hellion x2  
  53  5:31  SCV x2  
  59  5:43  SCV x2  
  59  5:49  Cyclone  
  61  5:55  SCV  
  62  6:08  Factory Tech Lab  
  62  6:09  Supply Depot  
  62  6:17  Command Center  
  62  6:30  Siege Tank, SCV  
  62  6:31  Hellion x2, Supply Depot  
  70  6:53  Siege Tank, SCV x2  
  70  6:54  Supply Depot  
  75  6:58  Supply Depot  
  75  7:01  Hellion  
  75  7:05  SCV  
  79  7:15  SCV  
  79  7:17  SCV  
  79  7:19  Armory  
  79  7:22  Armory  
  80  7:25  Siege Tank x2  
  80  7:26  Hellion  
  80  7:27  Hellion, SCV  
  91  7:35  Orbital Command  
  91  7:37  Engineering Bay  
  91  7:43  SCV x2  
  93  7:57  Siege Tank x2  
  99  7:59  Orbital Command  
  99  8:06  Terran Vehicle And Ship Armor Level 1  
  99  8:09  Terran Vehicle Weapons Level 1  
  99  8:10  Supply Depot  
  99  8:13  Supply Depot  
  101  8:20  Hellion  
  101  8:22  SCV x2  
  103  8:29  Cyclone x2  
  103  8:32  SCV  
  111  8:34  SCV x2  
  111  8:37  Refinery  
  111  8:39  Refinery  
  112  8:43  Hellion  
  112  8:44  SCV  
  112  8:45  Hellion  
  117  9:02  SCV x2  
  119  9:03  SCV  
  120  9:11  Supply Depot  
  120  9:14  Supply Depot  
  120  9:25  SCV x3  
  123  9:34  Command Center  
  123  9:36  Factory  
  123  9:37  SCV x3  
  126  9:38  Cyclone x2  
  126  9:40  Hellion  
  134  9:48  Factory  
  134  10:00  Hellion  
  134  10:01  SCV  
  134  10:02  Hellion, SCV  
  134  10:03  Terran Vehicle And Ship Armor Level 2  
  140  10:11  Supply Depot  
  140  10:14  Supply Depot  
  140  10:22  Cyclone  
  140  10:24  Cyclone  
  141  10:38  Supply Depot, Terran Vehicle Weapons Level 2  
  141  10:40  Supply Depot  
  141  10:44  Factory Tech Lab  
  141  10:45  Factory Tech Lab  
  141  10:47  Orbital Command  
  141  11:04  Siege Tank x2  
  141  11:05  Siege Tank x2  
  141  11:06  Hellion  
  141  11:07  Hellion  
  157  11:28  Hellion x2  
  123  11:59  Siege Tank x3  
  123  12:00  Siege Tank  
  135  12:03  Hellion  
  135  12:04  Hellion  
  139  12:23  Orbital Command  
  139  12:25  Hellion  
  141  12:31  Cyclone x3  
  141  12:32  Cyclone  
  153  12:54  Hellion  
  153  12:55  Hellion  
  157  13:03  Missile Turret, Siege Tank x3  
  157  13:04  Siege Tank  
  169  13:11  Missile Turret  
  169  13:16  Hellion x2, SCV x2  
  169  13:19  Refinery  
  175  13:22  Refinery, Missile Turret  
Show
View Real Time Build Order
Export as new Build Order

Mesrob Terran - Winner!

Build Orders: Mech 

Get SALT Encoding   

  12  0:00  SCV  
  13  0:13  SCV  
  14  0:18  Supply Depot  
  14  0:25  SCV  
  15  0:40  SCV  
  15  0:41  Barracks  
  16  0:47  Refinery  
  16  0:52  SCV  
  17  1:04  SCV  
  18  1:16  SCV  
  19  1:31  Orbital Command  
  19  1:40  Command Center  
  19  1:42  Marine  
  20  1:58  SCV  
  20  1:59  Bunker  
  21  2:20  Marine  
  21  2:30  Supply Depot  
  21  2:45  Factory  
  19  3:06  Barracks Tech Lab  
  19  3:08  Orbital Command  
  19  3:10  Supply Depot, SCV  
  20  3:16  Refinery  
  20  3:22  SCV  
  20  3:26  Engineering Bay  
  21  3:34  SCV  
  21  3:38  SCV  
  23  3:43  Marine  
  23  3:44  Supply Depot  
  23  3:47  SCV  
  25  3:50  Refinery, SCV  
  25  3:51  Siege Tank  
  29  3:57  Armory  
  29  4:02  SCV  
  30  4:07  SCV  
  31  4:14  SCV  
  31  4:16  Marine  
  33  4:19  SCV  
  33  4:21  Missile Turret  
  34  4:26  SCV  
  35  4:31  SCV  
  35  4:34  Siege Tank  
  39  4:38  SCV  
  39  4:43  SCV  
  41  4:47  Missile Turret  
  41  4:50  SCV  
  42  4:55  SCV  
  42  4:58  Terran Vehicle Weapons Level 1  
  43  5:03  SCV  
  43  5:06  Refinery  
  44  5:07  SCV  
  44  5:08  Siege Tank  
  48  5:16  Factory  
  48  5:17  Missile Turret  
  48  5:19  SCV  
  49  5:25  Factory  
  49  5:40  Thor  
  55  5:47  Missile Turret  
  55  5:52  Command Center  
  52  6:03  Factory Tech Lab  
  52  6:13  SCV  
  53  6:20  SCV  
  53  6:24  Siege Tank  
  53  6:25  SCV  
  58  6:26  Factory Reactor  
  58  6:32  SCV  
  59  6:37  SCV  
  60  6:44  SCV  
  60  6:45  Missile Turret  
  61  6:49  SCV  
  61  6:52  Terran Vehicle And Ship Armor Level 1  
  62  7:00  Supply Depot  
  62  7:03  Thor  
  62  7:07  Armory  
  62  7:08  Supply Depot  
  68  7:23  Supply Depot  
  68  7:25  Thor  
  68  7:27  Hellbat x2  
  78  7:47  Supply Depot  
  78  7:50  SCV x2  
  80  8:01  SCV  
  80  8:02  SCV x2  
  83  8:09  Supply Depot  
  83  8:10  Thor x2  
  83  8:11  Hellbat  
  83  8:12  Hellbat  
  99  8:14  SCV x3  
  99  8:19  Factory  
  102  8:31  Supply Depot  
  102  8:37  Factory  
  102  8:42  Hellbat x2  
  106  8:48  Refinery  
  106  8:50  Refinery, Planetary Fortress  
  106  8:52  SCV x2  
  106  8:53  Thor  
  114  8:57  Supply Depot  
  114  9:04  SCV x2  
  114  9:05  Factory  
  114  9:06  Command Center  
  114  9:08  Thor  
  122  9:10  Factory Reactor  
  122  9:13  Hellbat  
  124  9:19  Hellbat  
  124  9:20  Supply Depot  
  126  9:25  SCV  
  126  9:26  SCV  
  126  9:27  SCV  
  129  9:37  SCV  
  129  9:38  SCV  
  131  9:42  Factory  
  131  9:44  Terran Vehicle Weapons Level 2  
  131  9:45  Terran Vehicle And Ship Armor Level 2  
  131  9:48  Factory Tech Lab  
  131  9:50  Factory Tech Lab  
  131  9:56  Factory  
  131  10:03  Factory  
  131  10:12  Thor  
  137  10:15  Hellbat x2  
  137  10:18  Hellbat x2  
  137  10:45  Sensor Tower  
  137  10:59  Factory Tech Lab, Factory Reactor  
  137  11:00  Factory Tech Lab  
  137  11:01  Thor  
  137  11:02  Thor x2  
  155  11:12  Supply Depot  
  155  11:23  Supply Depot  
  155  11:34  Hellbat x4  
  155  11:36  Supply Depot  
  151  11:43  Thor  
  151  11:44  Thor  
  151  11:45  Hellbat x2, Supply Depot  
  151  11:46  Hellbat  
  171  11:47  Thor x2  
  169  11:59  Supply Depot  
  169  12:01  SCV x2  
  169  12:03  Planetary Fortress  
  169  12:07  Refinery  
  171  12:16  Sensor Tower  
  171  12:21  Thor  
  177  12:23  Hellbat x2  
  177  12:24  Hellbat x3  
  177  12:29  Supply Depot  
  187  12:33  Refinery  
  187  12:56  Thor x2  
  199  13:08  Infernal Pre-Igniter  
  199  13:09  Smart Servos  
  188  13:57  Thor  
  188  13:58  Thor x3  
  188  14:02  Hellbat x3  
  190  14:03  Hellbat x3  
  152  14:15  Hellbat x2  
Tags
 
Composition
MechMech
League
GoldGold
Matchup
TvT
Race
Terran
Replay Pack
sc2 replays
Spawn Locations
Close Positions
Add a new tag
Caveats
  • Supply blocks, unpowered buildings, or Contaminate may cause inaccurate times.
  • Supply counts are checked every 10 seconds.